 Dungeon Sprint DCSS version 0.21.2 (webtiles) character file.

2500000 Fang the Axe Maniac (level 17, -56/174 HPs)
             Began as a Demonspawn Gladiator on Oct 2, 2018.
             Was a Priest of Makhleb.
             Annihilated by a destroyer
             ... wielding a +9 great sword of slicing
              (230 damage)
             ... in the Dungeon (Sprint VIII: "Arena of Blood").
             The game lasted 00:00:58 (25 turns).

Fang the Axe Maniac (Demonspawn Gladiator)            Turns: 25, Time: 00:00:58

Health: -56/174    AC:  5    Str: 21    XL:     17   Next: 90%
Magic:  17/17      EV: 35    Int: 10    God:    Makhleb [***...]
Gold:   0          SH:  0    Dex: 21    Spells: 16/16 levels left

rFire    . . .     SeeInvis .   l - +โˆž Axe of Woe
rCold    + . .     Gourm    .   (shield currently unavailable)
rNeg     . . .     Faith    .   b - +0 leather armour
rPois    .         Spirit   .   c - +0 helmet
rElec    .         Reflect  .   (no cloak)
rCorr    .         Harm     .   (gloves unavailable)
MR       +....     NoTele   +   (no boots)
Stlth    +++.......             (no amulet)
HPRegen  0.39/turn              (no ring)
MPRegen  0.15/turn              (no ring)

@: no status effects
A: claws 3, thin skeletal structure 3, cold resistance 1, demonic guardian 2,
foul stench 1, rot immunity
a: Minor Destruction, Lesser Servant of Makhleb, Renounce Religion


You were in the Dungeon.
You worshipped Makhleb.
Makhleb was most pleased with you.
You were not hungry.

You visited 1 branch

Inventory:

Hand Weapons
 l - the +โˆž Axe of Woe (weapon)
   (You found it in the Dungeon)
Missiles
 d - 3 throwing nets (quivered)
Armour
 b - a +0 leather armour (worn)
 c - a +0 helmet (worn)
Scrolls
 k - a scroll of blinking
Potions
 e - a potion of curing
 g - a potion of heal wounds
 h - a potion of haste
 i - 2 potions of magic
 j - a potion of berserk rage
Comestibles
 f - a ration


   Skills:
 O Level 27 Fighting
 O Level 27 Axes
 + Level 21.7 Throwing
 + Level 6.5 Armour
 O Level 27 Dodging


You had 16 spell levels left.
You didn't know any spells.

Dungeon Overview and Level Annotations

Branches:
Dungeon (1/1)

Altars:
Makhleb


Innate Abilities, Weirdness & Mutations

You have claws for hands.
You have an unnaturally thin skeletal structure. (Dex +6, Stealth++)
Your flesh is cold resistant. (rC+)
A demonic guardian rushes to your aid.
You may emit foul miasma when damaged in melee.
You are immune to rotting.


Message History

Things that are here:
a +9 war axe; a +30 ring of slaying; a bag of meat corpse The large bag of meat shouts in stereo!
You hit the meat berserker but do no damage.
You cleave the meat berserker in twain.
You kill the meat berserker!
Makhleb accepts your kill.
You feel better.
You have mastered Fighting!
Your Throwing skill gained 2 levels and is now at level 21!
Your Armour skill increases to level 6!
You hear a shout! x5
The destroyer blinks!
You hear a shout! x2
You hear a shout! x2
The large bag of meat moves out of view.
You hear a shout! x3
The destroyer hits you with a +9 great sword of slicing!!!!!
Ouch! That really hurt!
You die...

..... ... #...
..# . #... ..# .
..###... ..###..
......###......
......._.......
#O....# .
#_.<)V# ...
...#.).@o#.....
......)_).......
......###)......
..###...
ยง.###.O . #...
..# . #... ..#
..... O.. ..
.... ....


You could see a destroyer, 2 large bags of meat, a meat berserker (berserk) and
a bag of meat.

Vanquished Creatures
  5 ogres (D)
  5 orcs (D)
10 creatures vanquished.

Notes
Turn   | Place    | Note
-------+----------+-------------------------------------------
     0 | D        | Found the +โˆž Axe of Woe
     0 | D        | Fang the Demonspawn Gladiator began the quest for the Orb.
     0 | D        | Reached XP level 1. HP: 16/16 MP: 1/1
     4 | D        | Became a worshipper of Makhleb the Destroyer
     7 | D        | Noticed a bag of meat
     7 | D        | Noticed a meat berserker
     9 | D        | Killed a bag of meat
     9 | D        | Gained mutation: You have sharp fingernails. [demonic ancestry]
     9 | D        | Reached XP level 2. HP: 35/35 MP: 2/2
     9 | D        | Gained mutation: You are immune to rotting. [demonic ancestry]
     9 | D        | Reached XP level 3. HP: 41/41 MP: 3/3
     9 | D        | Reached XP level 4. HP: 47/47 MP: 4/4
     9 | D        | Gained mutation: A weak demonic guardian rushes to your aid. [demonic ancestry]
     9 | D        | Reached XP level 5. HP: 53/53 MP: 5/5
     9 | D        | Reached XP level 6. HP: 60/60 MP: 6/6
     9 | D        | Gained mutation: You have a somewhat thin skeletal structure. (Dex +2, Stealth) [demonic ancestry]
     9 | D        | Reached XP level 7. HP: 65/65 MP: 7/7
     9 | D        | Reached XP level 8. HP: 72/72 MP: 8/8
     9 | D        | Gained mutation: You may emit foul miasma when damaged in melee. [demonic ancestry]
     9 | D        | Reached XP level 9. HP: 78/78 MP: 9/9
     9 | D        | Gained mutation: You have very sharp fingernails. [demonic ancestry]
     9 | D        | Reached XP level 10. HP: 85/85 MP: 10/10
     9 | D        | Gained mutation: You have a moderately thin skeletal structure. (Dex +4, Stealth+) [demonic ancestry]
     9 | D        | Reached XP level 11. HP: 90/90 MP: 11/11
    10 | D        | Noticed a meat berserker
    10 | D        | Noticed a meat berserker
    10 | D        | Killed a meat berserker
    10 | D        | Reached * piety under Makhleb
    10 | D        | Gained mutation: You have claws for hands. [demonic ancestry]
    10 | D        | Reached XP level 12. HP: 103/103 MP: 12/12
    10 | D        | Gained mutation: You have an unnaturally thin skeletal structure. (Dex +6, Stealth++) [demonic ancestry]
    10 | D        | Reached XP level 13. HP: 109/109 MP: 13/13
    11 | D        | Noticed a bag of meat
    12 | D        | Noticed a bag of meat
    12 | D        | Killed a meat berserker
    12 | D        | Gained mutation: Your flesh is cold resistant. (rC+) [demonic ancestry]
    12 | D        | Reached XP level 14. HP: 121/121 MP: 14/14
    13 | D        | Killed a meat berserker
    13 | D        | Reached XP level 15. HP: 131/131 MP: 15/15
    16 | D        | Reached ** piety under Makhleb
    17 | D        | Noticed a meat berserker
    18 | D        | Gained mutation: A demonic guardian rushes to your aid. [demonic ancestry]
    18 | D        | Reached XP level 16. HP: 141/141 MP: 16/16
    19 | D        | Reached skill level 27 in Axes
    19 | D        | Reached skill level 15 in Throwing
    20 | D        | Killed a meat berserker
    20 | D        | Reached *** piety under Makhleb
    20 | D        | Reached skill level 27 in Dodging
    20 | D        | Reached XP level 17. HP: 162/162 MP: 17/17
    22 | D        | Noticed a meat berserker
    22 | D        | Reached skill level 5 in Armour
    24 | D        | Noticed a large bag of meat
    24 | D        | Noticed a destroyer
    24 | D        | Noticed a large bag of meat
    24 | D        | Noticed a large bag of meat
    24 | D        | Killed a meat berserker
    24 | D        | Reached skill level 27 in Fighting
    25 | D        | Annihilated by a destroyer

Skill      XL: |  1  2  3  4  5  6  7  8  9 10 11 12 13 14 15 16 17 |
---------------+----------------------------------------------------+-----
Fighting       | 9 12 14 16 17 22 27 | 27.0
Axes           | 16 20 23 25 26 27 | 27.0
Throwing       | 9 11 12 13 14 18 21 | 21.7
Dodging        | 16 20 22 24 25 27 | 27.0
Armour         | 4 6 |  6.5

Action                   |  1- 3 |  4- 6 |  7- 9 | 10-12 | 13-15 | 16-18 || total
-------------------------+-------+-------+-------+-------+-------+-------++-------
Melee: Executioner's axe |     1 |       |       |     1 |     4 |     4 ||    10
Dodge: Dodged            |       |       |       |       |       |     1 ||     1
